 Dungeon Crawl Stone Soup version 0.15-a0-1174-g8389a64 (webtiles) character file.

1921 PolkaDot the Jinx (level 8, -1/52 HPs)
             Began as a Vampire Enchanter on May 31, 2014.
             Was an Initiate of Ashenzari.
             Slain by an orc warrior
             ... wielding a +0,+0 mace
              (15 damage)
             ... on Level 6 of the Dungeon.
             The game lasted 00:25:14 (6421 turns).

PolkaDot the Jinx (Vampire Enchanter)               Turns: 6421, Time: 00:25:15

HP  -1/52        AC  5     Str  8      XL: 8   Next: 96%
MP   6/18        EV 12     Int 17      God: Ashenzari [......]
Gold 266         SH  0     Dex 15      Spells:  5 memorised,  1 level left

rFire  . . .     SeeInvis +     f - +2,+0 dagger (elec) (curse)
rCold  + + .     Clarity  .     b - +2 robe (curse)
rNeg   + + +     rCorr    .     (no shield)
rPois  +         rRot     +     v - +0 helmet (curse)
rElec  .         Spirit   .     (no cloak)
SustAb .         Warding  .     (no gloves)
rMut   .         Stasis   .     (no boots)
Gourm  .                        w - amulet of rage
MR     .....                    (no ring)
                                j - ring of positive energy

@: bonded with blade, very slightly contaminated, bloodless, non-regenerating,
invisible, not resistant to hostile enchantments, stealthy
A: bottle blood, fangs 3, see invisible, unbreathing
a: Bat Form, Bottle Blood, Renounce Religion, Evoke Berserk Rage


You were on level 6 of the Dungeon.
You worshipped Ashenzari.
Ashenzari was noncommittal.
You were bloodless.

You visited 1 branch of the dungeon, and saw 6 of its levels.
You also visited: Sewer.

You collected 266 gold pieces.

Inventory:

Hand weapons
 a - a +2,+1 dagger
 f - a cursed +2,+0 dagger of electrocution (weapon)
Armour
 b - a cursed +2 robe (worn)
 v - a cursed +0 helmet (worn)
Magical devices
 z - a wand of flame (12)
Scrolls
 g - 2 scrolls of random uselessness
 n - a scroll of enchant weapon I
 o - a scroll of blinking
 q - a scroll of recharging {unknown}
 r - 3 scrolls of curse armour
 s - 7 scrolls of teleportation
 u - a scroll of identify
 x - a scroll of curse jewellery
 y - 2 scrolls of amnesia {unknown}
Jewellery
 j - a ring of positive energy (left hand)
 w - an amulet of rage (around neck)
Potions
 d - 2 potions of resistance
 e - 2 potions of heal wounds
 h - a potion of mutation {unknown}
 i - a potion of curing
 k - a potion of might {unknown}
 l - a potion of flight {unknown}
 p - a potion of magic {unknown}
 t - 2 potions of haste {unknown}
Books
 c - a book of Maledictions

   Spells                             Type                      Level
   *Corona                            Hexes                        1
   *Sure Blade                        Hexes/Charms                 2
   *Ensorcelled Hibernation           Hexes/Ice                    2
   *Confuse                           Hexes                        3
   Dazzling Spray                     Conjuration/Hexes            3
   Enslavement                        Hexes                        4
 m - a book of Wizardry

   Spells                             Type                      Level
   Agony                              Necromancy                   5
   Force Lance                        Conjuration                  5
   Dispersal                          Translocation                6
   Haste                              Charms                       6
   *Invisibility                      Hexes                        6
   Spellforged Servitor               Conjuration/Summoning        7


   Skills:
 - Level 2.2 Short Blades
 - Level 2.1 Dodging
 + Level 7.1 Stealth
 - Level 4.2 Spellcasting
 + Level 13.6 Hexes
 * Level 2.9 Charms
 - Level 1.0 Ice Magic


You had one spell level left.
You knew the following spells:

 Your Spells              Type           Power        Failure   Level  Hunger
a - Corona                Hex            #####..      1%          1    None
b - Sure Blade            Hex/Chrm       ####......   1%          2    ##.....
c - Confuse               Hex            #####...     1%          3    ###....
d - Ensorcelled Hibernat  Hex/Ice        ####..       1%          2    ##.....
i - Invisibility          Hex            #####...     12%         6    #######


Dungeon Overview and Level Annotations

Branches:
Dungeon (6/15)             Temple (0/1) D:6

Altars:
Ashenzari
Elyvilon
Fedhas
Gozag
Kikubaaqudgha
Makhleb
Nemelex Xobeh
Okawaru
Vehumet

Shops:
D:6 !}


Innate Abilities, Weirdness & Mutations

You do not heal naturally.
You can bottle blood from corpses.
You have razor-sharp teeth.*
You have supernaturally acute eyesight.
You can survive without breathing.*


Message History

Aiming: Invisibility
Press: ? - help, Shift-Dir - straight line, f - you, p - orc warrior You fade into invisibility!
You are very lightly contaminated with residual magic.
* * * LOW MAGIC WARNING * * *
The orc closely misses you.
The orc throws a tomahawk.
The tomahawk closely misses the orc warrior.
The tomahawk misses you. The orc warrior hits you with a mace!
Casting: Invisibility
Confirm with . or Enter, or press ? or * to list all spells.
You become one with your weapon.
* * * LOW MAGIC WARNING * * *
The orc throws a tomahawk.
The tomahawk hits the orc warrior but does no damage.
The orc misses you. The orc hits you with a flail.
* * * LOW HITPOINT WARNING * * *
You hit the orc warrior.
The orc warrior is lightly wounded.
The orc warrior hits you with a mace!
You die...

...... ....##
#....# #.#..####
#(......###
##..........
#######.......###.#
.
#.....(............
.
#....o@#%.....#####
#...§oo#.......# #.
##.§§§o#....#.....
..
#..§§.#.####..###
#. #.....#.# .>. .
#.##.##.# .. #%
#.##.####..... .
#.............
####.####...#.


You could see an orc warrior and 3 orcs.

Vanquished Creatures
  Grinder (D:5)
  The ghost of chipmonk the Twirler, an average DsGl of Makhleb (D:4)
  An ice beast (D:5)
  7 big kobolds (Sewer)
  Sigmund (D:3)
  3 giant frogs (D:6)
  2 scorpions
  3 orc priests
  2 hounds
  A big fish (D:4)
  An orc wizard (D:5)
  A worker ant (D:5)
  An iguana (D:5)
  Jessica (D:2)
  A hound skeleton (D:4)
  9 adders
  8 green rats
  A giant mite (D:5)
  3 gnolls (D:5)
  An inept item mimic (D:3)
  5 worms
  5 oozes
  10 orcs
  17 bats
  5 giant cockroaches
  7 goblins
  4 hobgoblins
  7 jackals
  10 kobolds
  3 quokkas
  5 ball pythons
  4 giant geckos
  7 giant newts
  A quokka skeleton (D:4)
  20 rats
  A rat skeleton (D:6)
  12 ballistomycetes (D:5)
172 creatures vanquished.

Vanquished Creatures (others)
  A giant spore (D:5)
1 creature vanquished.

Grand Total: 173 creatures vanquished

Notes
Turn   | Place    | Note
--------------------------------------------------------------
     0 | D:1      | PolkaDot, the Vampire Enchanter, began the quest for the Orb.
     0 | D:1      | Reached XP level 1. HP: 13/13 MP: 3/3
   351 | D:1      | Reached XP level 2. HP: 19/19 MP: 4/4
   779 | D:1      | Learned a level 2 spell: Ensorcelled Hibernation
   820 | D:1      | Reached skill level 5 in Hexes
  1283 | D:2      | Reached XP level 3. HP: 24/24 MP: 6/6
  1312 | D:2      | Noticed Jessica
  1320 | D:2      | Killed Jessica
  1320 | D:2      | Reached skill level 5 in Stealth
  1351 | D:2      | Found an iron altar of Okawaru.
  1605 | D:2      | Found an ancient bone altar of Kikubaaqudgha.
  2028 | D:3      | Reached XP level 4. HP: 30/30 MP: 4/7
  2174 | D:3      | Reached skill level 1 in Ice Magic
  2194 | D:3      | Learned a level 2 spell: Sure Blade
  2355 | D:3      | Noticed Sigmund
  2449 | D:3      | Reached skill level 6 in Hexes
  2504 | D:3      | Reached XP level 5. HP: 30/35 MP: 6/9
  2594 | D:3      | Found a sparkling altar of Nemelex Xobeh.
  2633 | D:3      | Killed Sigmund
  2633 | D:3      | Reached XP level 6. HP: 26/41 MP: 8/13
  2746 | D:3      | Learned a level 6 spell: Invisibility
  2967 | D:4      | Reached skill level 7 in Hexes
  3050 | D:4      | Noticed chipmonk's ghost (average DsGl)
  3853 | D:4      | Found a white marble altar of Elyvilon.
  3905 | D:4      | Reached skill level 8 in Hexes
  4021 | D:5      | Entered Level 5 of the Dungeon
  4048 | D:5      | Reached XP level 7. HP: 38/46 MP: 10/17
  4053 | D:5      | Learned a level 3 spell: Confuse
  4152 | D:4      | Killed chipmonk's ghost
  4152 | D:4      | Reached skill level 9 in Hexes
  4251 | D:5      | Found a burning altar of Makhleb.
  4276 | D:5      | Found a glowing drain.
  4330 | D:5      | Reached skill level 10 in Hexes
  4409 | Sewer    | Entered a sewer
  4815 | Sewer    | Reached skill level 11 in Hexes
  4815 | Sewer    | Reached XP level 8. HP: 48/52 MP: 11/18
  5152 | Sewer    | Reached skill level 12 in Hexes
  5483 | D:5      | Found an opulent altar of Gozag.
  5514 | D:5      | Noticed Grinder
  5538 | D:5      | Killed Grinder
  5538 | D:5      | Reached skill level 13 in Hexes
  5609 | D:5      | Found a shattered altar of Ashenzari.
  5622 | D:5      | Became a worshipper of Ashenzari the Shackled
  5793 | D:5      | Found a radiant altar of Vehumet.
  5927 | D:5      | Reached skill level 1 in Charms
  6091 | D:6      | Found Gheuff's Gadget Boutique.
  6238 | D:6      | Found a blossoming altar of Fedhas.
  6310 | D:6      | Found Geigek's Distillery.
  6415 | D:6      | Found a staircase to the Ecumenical Temple.
  6421 | D:6      | Slain by an orc warrior

Action                   |  1- 3 |  4- 6 |  7- 9 || total
-------------------------+-------+-------+-------++-------
Melee: Dagger            |   119 |   113 |   239 ||   471
 Cast: Corona            |     3 |       |       ||     3
       Ensorcelled Hiber |     1 |    35 |    71 ||   107
       Sure Blade        |       |     1 |     4 ||     5
       Confuse           |       |       |     4 ||     4
       Invisibility      |       |       |     1 ||     1
Evoke: Wand              |       |       |     1 ||     1
  Use: Scroll            |     5 |     3 |     4 ||    12
       Potion            |       |     1 |       ||     1
 Stab: Sleeping          |    15 |    39 |    41 ||    95
       Distracted        |       |     2 |     1 ||     3
       Confused          |       |       |     3 ||     3
